 Dungeon Crawl Stone Soup version 0.19.1 (webtiles) character file.

119 Patate the Sneak (level 4, 0/21 HPs)
             Began as a Spriggan Enchanter on Nov 24, 2016.
             Succumbed to a scorpion's poison
             ... on level 2 of the Dungeon.
             The game lasted 00:14:15 (3429 turns).

Patate the Sneak (Spriggan Enchanter)               Turns: 3429, Time: 00:14:15

Health: 0/21       AC:  4    Str:  4    XL:     4   Next: 73%
Magic:  9/10       EV: 18    Int: 16    God:
Gold:   147        SH:  0    Dex: 17    Spells: 2 memorised, 6 levels left

rFire  . . .     SeeInvis +     a - +1 dagger
rCold  . . .     Gourm    .     b - +2 robe
rNeg   . . .     Faith    .     (shield restricted)
rPois  .         Spirit   .     (helmet restricted)
rElec  .         Reflect  .     (no cloak)
rCorr  .         Harm     .     (gloves unavailable)
MR     .....                    (boots unavailable)
Stlth  ++++......               (no amulet)
                                (no ring)
                                (no ring)

@: lethally poisoned (0 -> -4), very quick
A: unfitting armour, see invisible, herbivore 3, speed 3, slow metabolism 2
a: no special abilities


You were on level 2 of the Dungeon.
You were very hungry.

You visited 1 branch of the dungeon, and saw 3 of its levels.

You collected 147 gold pieces.

Inventory:

Hand Weapons
 a - a +1 dagger (weapon)
Armour
 b - a +2 robe (worn)
Scrolls
 h - a scroll of teleportation
 j - a scroll of fog
Potions
 e - a potion of lignification
 f - a potion of heal wounds
 g - 2 potions of haste
 i - 4 potions of curing {unknown}
 k - a potion of cancellation {unknown}
 l - a potion of brilliance {unknown}
Books
 c - a book of Maledictions

   Spells                             Type                      Level
   a - Corona                         Hexes                        1
   b - Ensorcelled Hibernation        Hexes/Ice                    2
   c - Confuse                        Hexes                        3
   d - Tukima's Dance                 Hexes                        3
   e - Dazzling Spray                 Conjuration/Hexes            3
Comestibles
 d - 5 bread rations


   Skills:
 - Level 1.1 Short Blades
 - Level 3.0 Dodging
 - Level 7.0 Stealth
 + Level 3.6 Spellcasting
 + Level 4.4 Hexes


You had 6 spell levels left.
You knew the following spells:

 Your Spells              Type           Power        Failure   Level  Hunger
a - Corona                Hex            ###....      3%          1    None
b - Confuse               Hex            ###.....     12%         3    ###....


Dungeon Overview and Level Annotations

Branches:
Dungeon (3/15)

Altars:
Ashenzari
Trog


Innate Abilities, Weirdness & Mutations

You are very small and have problems with some larger weapons.
You are too small for most types of armour.
You have supernaturally acute eyesight. (SInv)
You are a herbivore.
You cover ground extremely quickly.
You need consume almost no food.


Message History

The scorpion is moderately wounded.
You feel sick. The scorpion closely misses you.
You hit the scorpion but do no damage.
The scorpion is moderately wounded.
The scorpion misses you.
Casting: Corona
Confirm with . or Enter, or press ? or * to list all spells.
Aiming: Corona
Press: ? - help, Shift-Dir - straight line, f/p - scorpion
Aim: a scorpion (moderately wounded, chance to defeat MR: 54%)
The scorpion struggles to resist.
You feel sick. The scorpion stings you!
* * * LOW HITPOINT WARNING * * *
The scorpion closely misses you.
You climb upwards.
* * * LOW HITPOINT WARNING * * *
You feel sick.
There is a stone staircase leading down here.
* * * LOW HITPOINT WARNING * * *
You feel sick.
You die...

######..#######.## #.... .P. #
#..........# ###### #### ####
#..######..# ...# #...#####..#
##.# #....>.s...# .#
##<....###..# .# #......#....#
......#####..##.### ####..
#.##..##.@.########## # ##.
#.##..##.#..........# ##
#.###.##.##########.# #.# #.##.##
#...# #.## ## #######.##..# #####
#..## #. #..........##
#####...###. #.#.#...###.##
...[........
######....#..##...###.####...##..
#............#.....#...####.###..


There were no monsters in sight!

Vanquished Creatures
  An orc wizard (D:2)
  4 adders (D:2)
  A leopard gecko (D:1)
  An orc (D:3)
  2 giant cockroaches
  8 goblins
  4 hobgoblins
  6 jackals
  6 kobolds
  A quokka (D:2)
  2 ball pythons (D:2)
  9 bats
  2 frilled lizards (D:2)
  9 rats
56 creatures vanquished.

Notes
Turn   | Place    | Note
-------+----------+-------------------------------------------
     0 | D:1      | Patate the Spriggan Enchanter began the quest for the Orb.
     0 | D:1      | Reached XP level 1. HP: 9/9 MP: 5/5
   133 | D:1      | Reached skill level 5 in Stealth
   173 | D:1      | Reached XP level 2. HP: 5/13 MP: 4/6
   988 | D:1      | Reached skill level 6 in Stealth
  1560 | D:2      | Reached XP level 3. HP: 15/16 MP: 8/8
  1581 | D:2      | Found a shattered altar of Ashenzari.
  1868 | D:2      | Found a bloodstained altar of Trog.
  1944 | D:2      | Reached skill level 7 in Stealth
  2441 | D:2      | Reached XP level 4. HP: 12/21 MP: 7/9
  2973 | D:3      | Learned a level 3 spell: Confuse
  3424 | D:2      | HP: 1/21 [poisoned by a scorpion]
  3429 | D:2      | Succumbed to a scorpion's poison

Skill      XL: |  1  2  3  4 |
---------------+-------------+-----
Stealth        | 5 6 7 |  7.0
Spellcasting   | 3 |  3.6
Hexes          | 4 |  4.4
Short Blades   | |  1.1
Dodging        | |  3.0

Action                   |  1- 3 |  4- 6 || total
-------------------------+-------+-------++-------
Melee: Dagger            |   214 |    57 ||   271
 Cast: Corona            |    33 |     7 ||    40
       Confuse           |       |     6 ||     6
  Use: Scroll            |     7 |       ||     7
 Stab: Sleeping          |    14 |     4 ||    18
       Distracted        |     1 |       ||     1
       Confused          |       |     2 ||     2
Armor: Robe              |    35 |     4 ||    39
Dodge: Dodged            |   219 |    44 ||   263
